 Dungeon Crawl Stone Soup version 0.30.0-29-ga12c61a403 (webtiles) character file.

Game seed: 1348636434625013708

35626 GeoRichter the Carver (level 13, -13/85 HPs)
             Began as a Tengu Monk on June 18, 2023.
             Was a High Priest of Nemelex Xobeh.
             Mangled by a death yak (16 damage)
             ... on level 2 of the Lair of Beasts on June 19, 2023.
             The game lasted 00:43:31 (16254 turns).

GeoRichter the Carver (Tengu Monk)                 Turns: 16254, Time: 00:43:32

Health: -13/85     AC: 18    Str: 13    XL:     13   Next: 85%
Magic:  0/20       EV: 18    Int: 10    God:    Nemelex Xobeh [*****.]
Gold:   607        SH:  6    Dex: 21    Spells: 12/12 levels left

rFire   + . .        a - +1 scimitar (holy)
rCold   . . .        N - +0 buckler
rNeg    . . .        o - +3 scale mail {rF+}
rPois   +            O - +2 hat of the Bear Spirit {Spirit, Bear, *Rage Will++}
rElec   .            (no cloak)
rCorr   .            B - +0 pair of gloves
SInv    .            (boots unavailable)
Will    ++...        D - amulet of guardian spirit Stlth
                     M - +4 ring of protection
HPRegen 0.34/turn    f - ring of poison resistance
MPRegen 0.17/turn

%: random rage (20%), guardian spirit
@: on berserk cooldown, flying quickly and evasively, slowed, very slow
A: beak, talons 3, nimble flight
a: Renounce Religion, Draw Escape, Draw Destruction, Draw Summoning, Draw Stack,
Triple Draw, Deal Four, Stack Five


You were on level 2 of the Lair of Beasts.
You worshipped Nemelex Xobeh.
Nemelex Xobeh was extremely pleased with you.
You visited 2 branches of the dungeon, and saw 13 of its levels.
You also visited: Gauntlet and Ice Cave.

You collected 607 gold pieces.

Inventory:

Hand Weapons
 a - a +1 scimitar of holy wrath (weapon)
 b - a +3 rapier of speed
Missiles
 h - 11 javelins (quivered)
 H - 3 throwing nets
Armour
 o - a +3 scale mail of fire resistance (worn)
 B - a +0 pair of gloves (worn)
 N - a +0 buckler (worn)
 O - the +2 hat of the Bear Spirit (worn) {Spirit, Bear, *Rage Will++}
   (You found it in a Gauntlet)

   Bear:      Going berserk makes the wearer exceptionally tough, and they are
   slowed for a shorter time afterward.
   *Rage:     It berserks you when you make melee attacks (+20% chance).
   Will:      It greatly increases your willpower.
Jewellery
 f - a ring of poison resistance (right hand)
 n - a ring of see invisible
 D - an amulet of guardian spirit (around neck)
 L - a ring of positive energy
 M - a +4 ring of protection (left hand)
Wands
 E - a wand of roots (9)
 Q - a wand of paralysis (10)
 R - a wand of mindburst (14)
Scrolls
 j - a scroll of enchant armour
 l - 2 scrolls of brand weapon
 p - 4 scrolls of teleportation
 t - 4 scrolls of identify
 u - 3 scrolls of magic mapping
 v - a scroll of blinking {unknown}
 w - 2 scrolls of vulnerability
 x - a scroll of amnesia {unknown}
 z - a scroll of immolation {unknown}
 A - a scroll of noise
 C - 3 scrolls of enchant weapon
 G - a scroll of fog {unknown}
Potions
 c - a potion of ambrosia
 d - a potion of cancellation {unknown}
 g - 4 potions of curing
 i - 2 potions of heal wounds
 k - 2 potions of lignification
 m - a potion of magic {unknown}
 q - 2 potions of resistance {unknown}
 r - 3 potions of mutation
 s - 6 potions of brilliance
 F - 2 potions of haste {unknown}
 I - a potion of flight {unknown}
 J - a potion of attraction {unknown}
 K - a potion of invisibility {unknown}
Miscellaneous
 S - a box of beasts
 T - a phial of floods
 U - a tin of tremorstones (2/2)


   Skills:
 * Level 11.8 Fighting
 - Level 14.0 Long Blades
 + Level 8.2 Armour
 + Level 11.0 Dodging
 - Level 4.0 Shields
 + Level 8.7 Invocations
 + Level 4.4 Evocations


You had 12 spell levels left.
You didn't know any spells.
Your spell library contained the following spells:

 Spells                   Type           Power      Damage    Failure   Level
 Beastly Appendage        Tmut           0%         N/A       88%         1
 Shock                    Conj/Air       0%         1d3       88%         1
 Blink                    Tloc           0%         N/A       96%         2
 Lesser Beckoning         Tloc           0%         N/A       96%         2
 Momentum Strike          Conj/Tloc      0%         3d8       96%         2
 Wereblood                Tmut           0%         N/A       96%         2
 Dazzling Flash           Conj/Hex       0%         N/A       99%         3
 Spider Form              Tmut/Pois      0%         N/A       99%         3
 Swiftness                Air            0%         N/A       99%         3
 Volatile Blastmotes      Fire/Tloc      0%         2d10      99%         3
 Airstrike                Air            0%         2d(0-16)  100%        4
 Fulminant Prism          Conj/Hex       0%         3d5       100%        4
 Iskenderun's Mystic Bla  Conj/Tloc      0%         2d3       100%        4
 Manifold Assault         Tloc           0%         N/A       100%        4
 Lee's Rapid Deconstruct  Erth           0%         3d4*      100%        5
 Starburst                Conj/Fire      0%         6d3       100%        6
 Storm Form               Tmut/Air       0%         N/A       100%        7


Dungeon Overview and Level Annotations

Branches:
Dungeon (11/15)            Temple (0/1) D:4            Lair (2/5) D:11
    Orc (0/2) D:11          IceCv (visited)         Gauntlet (visited)
  Swamp: Lair:2-3    Shoals: Lair:2-3     Snake: Lair:2-3    Spider: Lair:2-3

Altars:
Dithmenos
Makhleb
Nemelex Xobeh
Okawaru
Qazlal
Sif Muna
Trog
Wu Jian
Xom
Yredelemnul

Shops:
D:10 :

Annotations:
D:8 2 transporters, purpleHaze's ghost, novice HuGl
D:11 1 runed translucent door


Innate Abilities, Weirdness & Mutations

You have a beak for a mouth.
You have claws for feet.
Your magical nature lets you fly swiftly and evasively.


Message History

You hit the death yak.
You peck the death yak, but do no damage.
The death yak is lightly wounded.
The death yak misses you.
You barely miss the death yak. You claw the death yak.
You peck the death yak, but do no damage.
The death yak is lightly wounded.
The death yak gores you.
You hit the death yak but do no damage.
You claw the death yak, but do no damage.
You peck the death yak, but do no damage.
The death yak is lightly wounded.
You block the death yak's attack.
You hit the death yak. You claw the death yak!
You peck the death yak, but do no damage.
The death yak is moderately wounded.
A death yak comes into view.
The death yak gores you!!
The death yak bellows!
You slash the death yak!
You claw the death yak, but do no damage.
You peck the death yak.
The death yak is heavily wounded.
The death yak gores you!!
* * * LOW HITPOINT WARNING * * *
The death yak completely misses you.
As you read the scroll of fear, it crumbles to dust.
You assume a fearsome visage.
The death yak looks frightened!
The death yak resists with almost no effort. x2
The death yak gores you!!
* * * LOW HITPOINT WARNING * * *
Unknown command.
As you read the scroll labelled ZOISCH LUEDA, it crumbles to dust.
It is a scroll of enchant armour.
Your +2 scale mail of fire resistance glows green for a moment.
The death yak gores you but does no damage.
The death yak barely misses you. The death yak closely misses you.
The death yak gores you!
You die...
Your body glows with a rainbow of weird colours and disappears.

# #.........[..............,,,* #
###.................##....,,**
####.#..................#....,,,,
.............#..##.#...........,,
............##P.####............,
.......##...###.## ##............
.......###...##..# #............
.#...#.###..###.## ##...#........
##..#####....#..@###...P#........
#..#####...##PY#Y#..............
##..#.P##...##...Y#......Y.......
#..............Y.h...............
P................................
....P..###...........#...........
....P..###...........#..#..../...
........#.....†..#####†.#........
#P..#..#...#.††### #..Y........


You could see 4 death yaks and a wolf.

Vanquished Creatures
  A minotaur (Gauntlet)
  Fannar (D:10)
  A hydra (D:9)
  A centaur warrior (D:9)
  2 two-headed ogres
  A boulder beetle (D:9)
  3 death yaks
  Urug (Lair:1)
  A skyshark (Lair:2)
  Pikel (D:5)
  3 ugly things
  A moth of wrath (Gauntlet)
  The ghost of vvl the Trooper, a novice GrFi of Okawaru (D:7)
  Joseph (Lair:1)
  A black mamba (Lair:1)
  A cane toad (shapeshifter) (D:9)
  2 cane toads (Lair:2)
  A torpor snail (Gauntlet)
  2 unseen horrors
  A gargoyle (Gauntlet)
  2 minotaur zombies (Gauntlet)
  5 rime drakes
  8 komodo dragons
  4 trolls
  3 polar bears (IceCv)
  7 blink frogs (Lair:1)
  3 slime creatures (D:7)
  A vampire (D:10)
  30 yaks
  A basilisk (Lair:2)
  2 steam dragons
  6 vampire mosquitoes
  Menkaure (D:5)
  7 water moccasins
  5 orc warriors
  3 black bears
  2 ice beasts
  3 ogres
  2 phantoms (D:6)
  24 wolves
  9 centaurs
  4 kobold brigands
  10 bullfrogs
  A gnoll sergeant (D:11)
  A wyvern zombie (D:7)
  3 wights (D:7)
  7 killer bees
  2 howler monkeys
  An electric eel (Lair:1)
  A centaur zombie (D:7)
  4 jellies
  7 orc priests
  A gnoll bouda (D:11)
  6 iguanas
  A sleepcap (D:8)
  5 orc wizards
  12 gnolls
  11 adders
  2 shadow imps
  2 white imps
  3 worms
  A dart slug (D:2)
  35 orcs
  8 ball pythons
  18 endoplasms
  3 giant cockroaches
  4 hobgoblins
  17 jackals
  22 kobolds
  5 quokkas
  4 bats
  15 frilled lizards
  11 goblins
  6 rats
388 creatures vanquished.

Vanquished Creatures (collateral kills)
  Harold (Lair:1)
  Erolcha (D:9)
  A centaur warrior (D:9)
  Psyche (D:8)
  3 blink frogs (Lair:1)
  A kobold brigand (D:9)
  2 killer bees (D:9)
  2 orc priests
  An orc wizard (D:9)
  A gnoll (D:11)
  4 orcs
  4 kobolds (D:9)
22 creatures vanquished.

Vanquished Creatures (others)
  A goblin (D:1)
1 creature vanquished.

Grand Total: 411 creatures vanquished

Notes
Turn   | Place    | Note
-------+----------+-------------------------------------------
     0 | D:1      | GeoRichter the Tengu Monk began the quest for the Orb.
     0 | D:1      | Reached XP level 1. HP: 14/14 MP: 2/2
    54 | D:1      | Found a faded altar of an unknown god.
   112 | D:1      | Reached XP level 2. HP: 17/19 MP: 3/3
   127 | D:1      | Prayed at the altar of an unknown god.
   127 | D:1      | Became a worshipper of Nemelex Xobeh the Trickster
   127 | D:1      | Reached * piety under Nemelex Xobeh
   127 | D:1      | Received a gift from Nemelex Xobeh
   127 | D:1      | Reached ** piety under Nemelex Xobeh
   127 | D:1      | Received a gift from Nemelex Xobeh
   380 | D:1      | Reached XP level 3. HP: 23/23 MP: 4/4
   389 | D:1      | Reached skill level 4 in Long Blades
   550 | D:1      | Received a gift from Nemelex Xobeh
   599 | D:1      | Reached *** piety under Nemelex Xobeh
   831 | D:2      | Reached XP level 4. HP: 28/28 MP: 5/5
  1061 | D:2      | Found a stormy altar of Qazlal.
  1564 | D:3      | Reached skill level 5 in Long Blades
  1564 | D:3      | Gained mutation: Your magical nature lets you fly swiftly
                  | and evasively. [Tengu growth]
  1564 | D:3      | Reached XP level 5. HP: 26/33 MP: 6/6
  1678 | D:3      | Noticed Terence
  1683 | D:3      | Terence changed into Terence the adder
  1683 | D:3      | Noticed Terence
  1686 | D:3      | Killed Terence the adder
  2131 | D:4      | Reached skill level 6 in Long Blades
  2131 | D:4      | Reached XP level 6. HP: 28/39 MP: 7/7
  2435 | D:4      | Noticed a black bear
  2437 | D:4      | Found a burning altar of Makhleb.
  2453 | D:4      | Killed a black bear
  2743 | D:4      | Reached skill level 5 in Fighting
  2743 | D:4      | Reached skill level 7 in Long Blades
  2743 | D:4      | Reached XP level 7. HP: 35/44 MP: 8/8
  2967 | D:4      | Received a gift from Nemelex Xobeh
  3069 | D:4      | Found a staircase to the Ecumenical Temple.
  3212 | D:5      | Entered Level 5 of the Dungeon
  3213 | D:5      | Reached **** piety under Nemelex Xobeh
  3323 | D:5      | Received a gift from Nemelex Xobeh
  3464 | D:5      | Noticed Pikel
  3465 | D:5      | Found a large runed translucent door.
  3465 | D:5      | Found a large runed translucent door.
  3469 | D:5      | Killed Pikel
  3470 | D:5      | Reached skill level 8 in Long Blades
  3470 | D:5      | Reached XP level 8. HP: 51/51 MP: 8/10
  3512 | D:5      | Received a gift from Nemelex Xobeh
  3755 | D:5      | Noticed Menkaure
  3760 | D:5      | Killed Menkaure
  4176 | D:5      | Reached skill level 9 in Long Blades
  4176 | D:5      | Reached skill level 5 in Dodging
  4212 | D:5      | Found a shadowy altar of Dithmenos.
  4215 | D:5      | Found a shimmering blue altar of Sif Muna.
  4377 | D:6      | Received a gift from Nemelex Xobeh
  4395 | D:6      | Reached XP level 9. HP: 51/56 MP: 12/12
  4426 | D:6      | Reached ***** piety under Nemelex Xobeh
  4677 | D:6      | Found a large runed translucent door.
  4896 | D:6      | Found a large runed translucent door.
  4900 | D:6      | Found a shimmering altar of Xom.
  5229 | D:6      | Reached skill level 10 in Long Blades
  5371 | D:6      | Received a gift from Nemelex Xobeh
  6319 | D:7      | Identified the +5 whip "Beastslayer" {venom, rPois Will+
                  | SInv}
  6435 | D:7      | Reached XP level 10. HP: 38/63 MP: 14/14
  6447 | D:7      | Reached skill level 11 in Long Blades
  6803 | D:7      | Noticed a two-headed ogre
  6810 | D:7      | Killed a two-headed ogre
  6852 | D:7      | Found a runed translucent gate.
  6852 | D:7      | Found a runed translucent gate.
  6852 | D:7      | Found a runed translucent gate.
  6852 | D:7      | Noticed vvl's ghost (novice GrFi)
  6854 | D:7      | Found a basalt altar of Yredelemnul.
  6924 | D:7      | Reached skill level 5 in Invocations
  7312 | D:7      | Killed vvl's ghost
  7324 | D:7      | Identified the +5 war axe "Lifebane" {heavy, Fragile rCorr
                  | Dex-2 SInv}
  7343 | D:8      | Noticed a gargoyle
  7344 | D:8      | Banished a gargoyle
  7345 | D:8      | Reached skill level 1 in Armour
  7382 | D:8      | Found a transporter.
  7385 | D:8      | Noticed purpleHaze's ghost (novice HuGl)
  7411 | D:8      | Found a transporter.
  7562 | D:8      | Noticed Psyche
  7571 | D:8      | Killed Psyche
  7751 | D:8      | Received a gift from Nemelex Xobeh
  7773 | D:8      | Reached skill level 12 in Long Blades
  7798 | D:8      | Found an ornate altar of the Wu Jian Council.
  7808 | D:8      | Found a bloodstained altar of Trog.
  8169 | D:9      | Noticed Erolcha
  8184 | D:9      | Killed Erolcha
  8252 | D:9      | Noticed an eight-headed hydra
  8298 | D:9      | Killed an eight-headed hydra
  8299 | D:9      | Reached XP level 11. HP: 69/69 MP: 16/16
  8359 | D:9      | Noticed a salamander
  8370 | D:9      | a salamander changed into a shapeshifter
  8371 | D:9      | a shapeshifter changed into a salamander
  8371 | D:9      | Noticed a salamander (shapeshifter)
  8390 | D:9      | a salamander changed into a cane toad
  8583 | D:9      | Noticed a centaur warrior
  8863 | D:9      | Received a gift from Nemelex Xobeh
  8916 | D:9      | Identified the +3 dagger "Ceycre" {antimagic, Int+2}
  8924 | D:9      | Noticed a brown ugly thing
  8924 | D:9      | Noticed a brown ugly thing
  8978 | D:9      | Killed a purple ugly thing
  8999 | D:9      | Killed a green ugly thing
  9323 | D:9      | Noticed a centaur warrior
  9598 | D:9      | Noticed a boulder beetle
  9617 | D:9      | Killed a boulder beetle
  9618 | D:9      | Reached skill level 13 in Long Blades
  9625 | D:9      | Killed a centaur warrior
  9862 | D:9      | Killed a centaur warrior
 10230 | D:10     | Entered Level 10 of the Dungeon
 10605 | D:10     | Found an iron altar of Okawaru.
 10683 | D:10     | Noticed a two-headed ogre
 10691 | D:10     | Killed a two-headed ogre
 10692 | D:10     | Reached skill level 1 in Shields
 10936 | D:10     | Found Godeot's Book Boutique.
 10966 | D:10     | Received a gift from Nemelex Xobeh
 11033 | D:10     | Reached skill level 5 in Armour
 11037 | D:10     | Reached XP level 12. HP: 61/76 MP: 13/18
 11505 | D:10     | Noticed Fannar
 11518 | D:10     | Killed Fannar
 11709 | D:11     | Found a gate leading to a gauntlet.
 11729 | Gauntlet | Entered a Gauntlet
 11729 | Gauntlet | Found a runed translucent door.
 11729 | Gauntlet | Found a transporter.
 11729 | Gauntlet | Found a runed translucent door.
 11729 | Gauntlet | Found a transporter.
 11841 | Gauntlet | Found a transporter.
 11844 | Gauntlet | Received a gift from Nemelex Xobeh
 11844 | Gauntlet | Found a transporter.
 11852 | Gauntlet | Found a transporter.
 11855 | Gauntlet | Found a transporter.
 11863 | Gauntlet | Found a transporter.
 11863 | Gauntlet | Noticed a hell hog
 11882 | Gauntlet | Found the +2 hat of the Bear Spirit {Spirit, Bear, *Rage
                  | Will++}
 11883 | Gauntlet | Found a transporter.
 11901 | Gauntlet | Found a transporter.
 11905 | Gauntlet | Found a transporter.
 11915 | Gauntlet | Found a transporter.
 11917 | Gauntlet | Found a transporter.
 11968 | Gauntlet | Noticed a catoblepas
 12318 | Gauntlet | Reached skill level 14 in Long Blades
 12574 | Gauntlet | Noticed a minotaur
 12591 | Gauntlet | Killed a minotaur
 12961 | D:11     | Found a staircase to the Orcish Mines.
 12976 | D:11     | Received a gift from Nemelex Xobeh
 13289 | D:11     | Received a gift from Nemelex Xobeh
 13366 | D:11     | Found a staircase to the Lair.
 13406 | D:11     | Reached ****** piety under Nemelex Xobeh
 13484 | D:11     | Found a runed translucent door.
 13607 | Lair:1   | Entered Level 1 of the Lair of Beasts
 13636 | Lair:1   | Reached skill level 10 in Fighting
 13788 | Lair:1   | Reached skill level 1 in Evocations
 13836 | Lair:1   | Reached skill level 10 in Dodging
 13893 | Lair:1   | Reached XP level 13. HP: 83/83 MP: 19/19
 14075 | Lair:1   | Noticed Urug
 14084 | Lair:1   | Killed Urug
 14194 | Lair:1   | Received a gift from Nemelex Xobeh
 14504 | Lair:1   | Noticed Joseph
 14522 | Lair:1   | Killed Joseph
 14698 | Lair:1   | Noticed Harold
 14712 | Lair:1   | Killed Harold
 15292 | Lair:2   | Found a frozen archway.
 15444 | IceCv    | Entered an ice cave
 15854 | IceCv    | Received a gift from Nemelex Xobeh
 15882 | IceCv    | Noticed a frost giant
 16253 | Lair:2   | HP: 2/85 [death yak (18)]
 16254 | Lair:2   | Mangled by a death yak

Illustrated notes

Levels and vault maps discovered:
D:1:      erik_arrival_triangle_small, layout_basic,
          dreamdust_ecumenical_altar_statues, minmay_cut_off
D:2:      wad_river_or_something, layout_basic, basic_altar
D:3:      layout_basic, uniq_terence
D:4:      layout_loops_ring, mainiacjoe_overflow_chevrons,
          minmay_temple_entry_antechambers, st_stairs_6
D:5:      layout_basic, jmf_multi_god_temple2, minivault_4, serial_bayou_pond_d,
          minmay_lizard_king, uniq_menkaure, uniq_pikel
D:6:      due_chaos_kobolds, layout_basic, serial_co_window_serial,
          co_window_corner_a, co_window_paths_b, co_window_paths_b,
          co_window_paths_b, co_window_corner_a, co_window_paths_b,
          co_window_of_opportunity_a, co_window_broadway_c, co_window_cross_2,
          co_window_broadway_a, co_window_sun, co_window_4corner_a
D:7:      cheibrodos_fertilizer, layout_loops_ring,
          nicolae_yredelemnul_ghost_church, amethyst_killhole
D:8:      layout_loops_ring, minitemple, gammafunk_ghost_arena,
          minmay_door_square, uniq_psyche
D:9:      minmay_tri_box, layout_loops_ring, uniq_erolcha
D:10:     layout_gridville, okawaru_trees_2, serial_shops,
          nicolae_shop_hallway_plus, uniq_fannar
D:11:     gammafunk_mikee_crab_dinner, layout_basic,
          grunt_lair_entry_orc_guard_hut, david_orc_2, gauntlet_entry_generic,
          dreamdust_gnoll_shepherd
Lair:1:   layout_loops_ring, wad_woods_river_01, uniq_urug, uniq_harold,
          uniq_joseph
Lair:2:   layout_gridlike, portal_ice_cave_rime

Skill      XL: |  1  2  3  4  5  6  7  8  9 10 11 12 13 |
---------------+----------------------------------------+-----
Long Blades    | 4 5 6 7 8 9 10 12 13 14 | 14.0
Fighting       | 4 5 6 7 8 9 10 11 | 11.8
Dodging        | 4 5 6 8 9 10 11 | 11.0
Invocations    | 2 3 4 5 6 7 8 |  8.7
Armour         | 3 5 6 8 |  8.2
Shields        | 1 4 |  4.0
Evocations     | 1 4 |  4.4

Action                     |  1- 3 |  4- 6 |  7- 9 | 10-12 | 13-15 || total
---------------------------+-------+-------+-------+-------+-------++-------
  Melee: Falchion          |    70 |    17 |       |       |       ||    87
         Kick              |    17 |    54 |    97 |   306 |   141 ||   615
         Peck              |     7 |    33 |    43 |   172 |    86 ||   341
         Dagger            |       |   123 |       |       |       ||   123
         Rapier            |       |     9 |   220 |   540 |       ||   769
         Scimitar          |       |       |       |   119 |   319 ||   438
  Throw: Dart              |       |     7 |    16 |    25 |       ||    48
         Javelin           |       |       |       |       |     3 ||     3
 Invoke: Draw Destruction  |     2 |     2 |    14 |    23 |       ||    41
         Draw Escape       |       |       |     1 |     8 |       ||     9
         Draw Summoning    |       |       |       |     9 |     2 ||    11
         Triple Draw       |       |       |       |     1 |       ||     1
         Stack Five        |       |       |       |       |     1 ||     1
  Evoke: Wand              |       |       |       |     4 |     1 ||     5
    Use: Scroll            |       |       |       |    17 |     3 ||    20
         Potion            |       |       |       |     4 |     1 ||     5
   Stab: Distracted        |       |       |       |     1 |       ||     1
 Armour: Ring mail         |    25 |    26 |    24 |     1 |       ||    76
         Robe              |     2 |       |       |       |       ||     2
         Scale mail        |       |       |       |   138 |    78 ||   216
  Dodge: Dodged            |    46 |    84 |   103 |   415 |   191 ||   839
  Block: Buckler           |       |       |       |   125 |    64 ||   189
